 Dungeon Crawl Stone Soup version 0.31.0-9-g3a7656b989 (webtiles) character file.

Game seed: 7104775755199036245

115 qw the Skirmisher (level 4, -3/25 HPs)
             Began as a Deep Elf Hunter on Feb 2, 2024.
             Frozen to death by an endoplasm (5 damage)
             ... on level 2 of the Dungeon.
             The game lasted 00:00:07 (1498 turns).

qw the Skirmisher (Deep Elf Hunter)                 Turns: 1498, Time: 00:00:08

Health: -3/25      AC:  6    Str: 10    XL:     4   Next: 68%
Magic:  6/6        EV: 11    Int: 19    God:
Gold:   194        SH:  5    Dex: 18    Spells: 3/3 levels left

rFire   . . .        a - +0 shortbow
rCold   . . .        (shield currently unavailable)
rNeg    . . .        d - +0 ring mail
rPois   +            n - +0 helmet
rElec   .            (no cloak)
rCorr   +            (no gloves)
SInv    +            (no boots)
Will    +....        m - amulet of reflection
Stlth   +            l - ring of poison resistance
HPRegen 0.24/turn    b - ring of Fousseva {rCorr Int+5 SInv}
MPRegen 0.10/turn

%: reflection
@: enlightened, flying
A: no striking features
a: no special abilities


You were on level 2 of the Dungeon.
You visited 1 branch of the dungeon, and saw 3 of its levels.

You collected 194 gold pieces.


   Skills:
 - Level 1.5 Fighting
 + Level 8.1 Ranged Weapons
 - Level 2.4 Dodging
 - Level 1.2 Stealth


You had 3 spell levels left.
You didn't know any spells.
Your spell library was empty.

Inventory:

Hand Weapons
 a - a +0 shortbow (weapon)
Armour
 d - a +0 ring mail (worn)
 n - a +0 helmet (worn)
Jewellery
 b - the ring of Fousseva (right hand) {rCorr Int+5 SInv}
   (You found it on level 2 of the Dungeon)

   [ring of see invisible]

   Int+5:     It affects your intelligence (+5).
   SInv:      It lets you see invisible.
   rCorr:     It protects you from acid and corrosion.
 l - a ring of poison resistance (left hand)
 m - an amulet of reflection (around neck)
 o - a ring of ice
Potions
 f - a potion of haste
 g - a potion of cancellation
 p - a potion of might

Dungeon Overview and Level Annotations

Branches:
Dungeon (3/15)

Altars:

Annotations:
D:2 1 runed translucent door, Crazy Yiuf


Message History

The endoplasm freezes you.
You are frozen.
You fly upwards.
Level annotation: 1 runed translucent door, Crazy Yiuf
There is a stone staircase leading down here.
You shoot an arrow.
The arrow hits the orc but does no damage.
The frilled lizard bites you but does no damage.
The orc barely misses you. The endoplasm freezes you.
You are frozen.
The orc misses you.
You shoot an arrow. The arrow hits the orc.
The orc is severely wounded.
The frilled lizard barely misses you. The orc hits you but does no damage.
The endoplasm barely misses you. The orc hits you but does no damage.
You shoot an arrow. The arrow barely misses the orc.
The frilled lizard bites you but does no damage.
The orc completely misses you. The endoplasm barely misses you.
The orc closely misses you.
You shoot an arrow. The arrow closely misses the orc.
The frilled lizard bites you. The orc hits you with a +0 hand axe.
You block the endoplasm's attack. The orc hits you but does no damage.
The frilled lizard bites you. The orc closely misses you.
The orc barely misses you. The endoplasm barely misses you.
You shoot an arrow. The arrow barely misses the orc.
You block the orc's attack. The endoplasm freezes you.
You are frozen.
The frilled lizard bites you but does no damage.
The orc hits you but does no damage.
You shoot an arrow. The arrow hits the orc.
You kill the orc!
The orc closely misses you. The endoplasm barely misses you.
The frilled lizard bites you.
You shoot an arrow. The arrow hits the orc.
You kill the orc!
You block the frilled lizard's attack. The endoplasm freezes you.
You are frozen.
You die...

.................######.....#....
................###..(......#####
..)####...#.###...........#..####
##)# #.###.........#####.)......
...####.#########...# ##.......
###........# #..#.### #.......
#........# #.##...#####..##..
#........# #)####....##.#####
#####.#### ##@J..........#####
#.# #)l#..............# #.#
#.#######.#######.# #.#
#..##......# #... #.#
#...#......# #... #.#
#.#[.......# #... #.#
#####.....<#####[.. #.#
#......)....... #.#
#......########


You could see an endoplasm and a frilled lizard.

Vanquished Creatures
  Jessica (D:2)
  4 gnolls (D:2)
  2 dart slugs
  2 ribbon worms (D:2)
  2 orcs (D:2)
  5 endoplasms
  3 giant cockroaches
  6 goblins
  3 hobgoblins (D:1)
  2 quokkas
  A ball python (D:3)
  3 bats
  3 frilled lizards (D:1)
  3 kobolds (D:2)
  3 rats
43 creatures vanquished.

Notes
Turn   | Place    | Note
-------+----------+-------------------------------------------
     0 | D:1      | qw the Deep Elf Hunter began the quest for the Orb.
     0 | D:1      | Reached XP level 1. HP: 12/12 MP: 3/3
     0 | D:1      | 0 ||| qw: Version: 0.3-a-155-g5e7d8dd
     0 | D:1      | 0 ||| qw: Game counter: 2613
     0 | D:1      | 0 ||| qw: Melee chars always use a shield: true
     0 | D:1      | 0 ||| qw: God list: Okawaru
     0 | D:1      | 0 ||| qw: Allow faded altars: false
     0 | D:1      | 0 ||| qw: Do Orc after clearing Dungeon:15 true
     0 | D:1      | 0 ||| qw: Do second Lair branch before Depths: true
     0 | D:1      | 0 ||| qw: Lair rune preference: random
     0 | D:1      | 0 ||| qw: Goals: Normal
     0 | D:1      | 0 ||| PLANNING D:1-11
    74 | D:1      | Reached skill level 6 in Ranged Weapons
    74 | D:1      | Reached XP level 2. HP: 16/16 MP: 4/4
   729 | D:1      | 729 ||| UPGRADING to amulet of reflection.
   734 | D:1      | 734 ||| UPGRADING to ring of poison resistance.
   735 | D:1      | 735 ||| READING scroll labelled YNEPRI GOPP.
   735 | D:1      | 735 ||| ENCHANTING +0 shortbow.
   736 | D:1      | 736 ||| READING scroll labelled EPLOUT WOAJAK.
   739 | D:1      | 739 ||| READING scroll labelled BEK MOMAEF.
   739 | D:1      | 739 ||| IDENTIFYING lumpy white potion
   740 | D:1      | 740 ||| READING scroll labelled CUTWIK YTWAAMN.
   741 | D:1      | 741 ||| DRINKING 2 metallic blue potions.
   742 | D:1      | 742 ||| DROPPING scroll of butterflies.
   743 | D:1      | 743 ||| DROPPING potion of degeneration.
   744 | D:1      | 744 ||| DROPPING potion of attraction.
   757 | D:2      | 757 ||| STAIRDANCE
   765 | D:2      | 765 ||| STAIRDANCE
   785 | D:2      | Reached XP level 3. HP: 20/20 MP: 5/5
   805 | D:2      | Identified the ring of Fousseva {rCorr Int+5 SInv}
   811 | D:2      | Noticed Jessica
   813 | D:2      | Killed Jessica
   814 | D:2      | Reached skill level 7 in Ranged Weapons
   910 | D:2      | Found a runed translucent door.
   911 | D:2      | Noticed Crazy Yiuf
  1044 | D:2      | Reached XP level 4. HP: 24/25 MP: 6/6
  1066 | D:2      | 1066 ||| FLEEEEING.
  1067 | D:2      | 1067 ||| FLEEEEING.
  1068 | D:2      | 1068 ||| FLEEEEING.
  1069 | D:2      | 1069 ||| FLEEEEING.
  1070 | D:2      | 1070 ||| FLEEEEING.
  1071 | D:2      | 1071 ||| FLEEEEING.
  1072 | D:2      | 1072 ||| FLEEEEING.
  1087 | D:2      | Reached skill level 8 in Ranged Weapons
  1328 | D:2      | 1328 ||| UPGRADING to +0 ring mail.
  1338 | D:2      | 1338 ||| DROPPING +0 leather armour.
  1339 | D:2      | 1339 ||| UPGRADING to +0 helmet.
  1344 | D:2      | 1344 ||| UPGRADING to ring of Fousseva {rCorr Int+5 SInv}.
  1345 | D:2      | 1345 ||| READING 2 scrolls of identify.
  1345 | D:2      | 1345 ||| IDENTIFYING sedimented green potion
  1346 | D:2      | 1346 ||| READING scroll of identify.
  1346 | D:2      | 1346 ||| IDENTIFYING bubbling dark potion
  1347 | D:2      | 1347 ||| READING scroll labelled MAGOKHL GIEFO.
  1448 | D:2      | 1448 ||| DRINKING 2 sedimented puce potions.
  1482 | D:3      | 1482 ||| PLANNING SEWER
  1484 | D:3      | 1484 ||| STAIRDANCE
  1485 | D:3      | 1485 ||| DRINKING fuming red potion.
  1486 | D:3      | 1486 ||| DRINKING fizzy pink potion.
  1487 | D:3      | 1487 ||| DRINKING inky potion.
  1490 | D:3      | 1490 ||| STAIRDANCE
  1495 | D:2      | HP: 6/25 [frilled lizard (1)]
  1497 | D:2      | HP: 2/25 [frilled lizard (2)]
  1498 | D:2      | Frozen to death by an endoplasm

Levels and vault maps discovered:
D:1:      lemuel_arrival_behind_the_door_large, layout_loops_ring, serial_bayou,
          serial_bayou_lagoon_a, serial_bayou_lake_a, serial_bayou_pond_c,
          serial_bayou_pond_e, minmay_pentomino_p4
D:2:      layout_rooms, uniq_crazy_yiuf_cottage, uniq_jessica
D:3:      layout_rooms, grunt_temple_overflow_open, mainiacjoe_overflow_paths,
          gup_sewer_entry_bowl, grunt_decor_one_mirror

Skill      XL: |  1  2  3  4 |
---------------+-------------+-----
Ranged Weapons | 6 7 8 |  8.1
Fighting       | |  1.5
Dodging        | |  2.4
Stealth        | |  1.2

Action                     |  1- 3 |  4- 6 || total
---------------------------+-------+-------++-------
   Fire: Shortbow          |   102 |    49 ||   151
    Use: Scroll            |     4 |     3 ||     7
         Potion            |     1 |     4 ||     5
 Armour: Leather armour    |    14 |     7 ||    21
         Ring mail         |       |    25 ||    25
  Dodge: Dodged            |    23 |    33 ||    56
  Block: Other             |     8 |    10 ||    18

Table legend:
 A = Non-vault XP
 B = Vault XP
 C = Vault XP percentage of total XP
 D = Non-vault monster count
 E = Vault monster count
 F = Vault count percentage of total count
                 A         B        C        D         E       F
            +---------+---------+-------+---------+---------+-------
      Total |     125 |      43 |  25.6 |      38 |       5 |  11.6
            +---------+---------+-------+---------+---------+-------
        D:1 |      30 |       6 |  16.7 |      17 |       4 |  19.0
        D:2 |      94 |      37 |  28.2 |      20 |       1 |   4.8
        D:3 |       1 |       0 |   0.0 |       1 |       0 |   0.0
            +---------+---------+-------+---------+---------+-------
